 Dungeon Crawl Stone Soup version 0.20.1-1-g8b1a95d (webtiles) character file.

41 Dreamer the Insei (level 3, -3/23 HPs)
             Began as an Octopode Transmuter on Sept 19, 2017.
             Slain by Sigmund
             ... wielding a +4 scythe of venom
              (5 damage)
             ... on level 2 of the Dungeon.
             The game lasted 00:07:03 (1554 turns).

Dreamer the Insei (Octopode Transmuter)             Turns: 1554, Time: 00:07:04

Health: -3/23      AC:  1    Str: 10    XL:     3   Next: 52%
Magic:  6/6        EV: 13    Int: 15    God:
Gold:   102        SH:  3    Dex: 12    Spells: 2/6 levels left

rFire    + . .     SeeInvis .     - Unarmed
rCold    . . .     Gourm    .   l - +0 buckler
rNeg     . . .     Faith    .   (helmet restricted)
rPois    .         Spirit   .   (no amulet)
rElec    .         Reflect  .   g - ring of protection from fire
rCorr    .         Harm     .   (no ring)
MR       .....                  (no ring)
Stlth    ++........             (no ring)
Regen    0.1/turn               (no ring)
MPRegen  0.1/turn               (no ring)
                                (no ring)
                                (no ring)

@: no status effects
A: almost no armour, stealthy swim, amphibious, 8 rings, constrict 8, camouflage
1, gelatinous body 1
a: no special abilities


You were on level 2 of the Dungeon.
You were not hungry.

You visited 1 branch of the dungeon, and saw 2 of its levels.

You collected 102 gold pieces.

Inventory:

Missiles
 a - 23 arrows
Armour
 l - a +0 buckler (worn)
Jewellery
 g - a ring of protection from fire (left tentacle)
Scrolls
 d - 3 scrolls of noise {unknown}
 h - a scroll of enchant weapon {unknown}
 k - a scroll of remove curse {unknown}
Potions
 e - a potion of heal wounds {unknown}
 f - 3 potions of curing {unknown}
 j - a potion of flight {unknown}
 n - a potion of haste {unknown}
Books
 b - a book of Changes

   Spells                             Type                      Level
   a - Beastly Appendage              Transmutation                1
   b - Sticks to Snakes               Transmutation                2
   c - Spider Form                    Transmutation/Poison         3
   d - Ice Form                       Ice/Transmutation            4
   e - Blade Hands                    Transmutation                5
Comestibles
 c - a bread ration
 i - 2 royal jellies
 m - a meat ration
 o - a chunk of flesh


   Skills:
 + Level 1.4 Fighting
 + Level 2.4 Dodging
 * Level 3.5 Unarmed Combat
 + Level 2.3 Spellcasting
 + Level 2.2 Transmutations


You had 2 spell levels left.
You knew the following spells:

 Your Spells              Type           Power        Failure   Level  Hunger
a - Beastly Appendage     Tmut           #.....       14%         1    #......
b - Spider Form           Tmut/Pois      #.........   56%         3    ###....


Dungeon Overview and Level Annotations

Branches:
Dungeon (2/15)

Altars:

Annotations:
D:2 Sigmund


Innate Abilities, Weirdness & Mutations

You cannot wear most types of armour.
You are very stealthy in the water. (Stealth+)
You are amphibious.
You can wear up to eight rings at the same time.
You can use your tentacles to constrict eight enemies at once.
Your skin changes colour to match your surroundings (Stealth+).
Your rubbery body absorbs attacks. (AC +1, EV +1)


Message History

You're too confused to move!
You feel less confused.
You hear some strange, mumbled words.
Something tries to affect you, but you resist.
You are confused.
You hear some strange, mumbled words.
You are more confused.
You bump into the rock wall.
Something barely misses you.
You're too confused to cast spells.
You start resting.
Something hits you!
* * * LOW HITPOINT WARNING * * *
Sigmund appears from thin air!
Reactivating autopickup.
Sigmund hits you from afar with a scythe of venom.
* * * LOW HITPOINT WARNING * * *
You're too confused to cast spells.
Sigmund misses you.
You feel less confused.
Sigmund hits you from afar with a scythe of venom.
You die...

#.##### #.##...# #.##...#
#.##...# #.##...#####
###.##...@...##
#...##...#....#
########...##....@...####.#
...........................
..(.......................#
##.#...........#.....######
....(...########......#
......................###
..............##.........


You could see Sigmund.

Vanquished Creatures
  An adder (D:2)
  An ooze (D:2)
  A bat (D:1)
  2 giant cockroaches (D:1)
  3 goblins (D:1)
  3 hobgoblins
  7 kobolds
  2 ball pythons (D:1)
  2 frilled lizards (D:1)
  7 rats
29 creatures vanquished.

Notes
Turn   | Place    | Note
-------+----------+-------------------------------------------
     0 | D:1      | Dreamer the Octopode Transmuter began the quest for the Orb.
     0 | D:1      | Reached XP level 1. HP: 13/13 MP: 3/3
    85 | D:1      | Reached XP level 2. HP: 10/18 MP: 5/5
  1379 | D:2      | Reached XP level 3. HP: 20/23 MP: 6/6
  1386 | D:2      | Learned a level 3 spell: Spider Form
  1506 | D:2      | Noticed Sigmund
  1554 | D:2      | Slain by Sigmund

Action                   || total
-------------------------++-------
Melee: Unarmed           ||    59
       Constrict         ||    15
       Tentacles         ||     8
       Punch             ||     1
 Stab: Sleeping          ||     3
  Eat: Chunk             ||     2
Armor: Skin              ||     3
Dodge: Dodged            ||    30
Block: Buckler           ||     6
